 Dungeon Sprint DCSS version 0.28.0-53-g5a82cb258f (webtiles) character file.

Game seed: 14744478048630046527

6911 Zeld the Sorcerer (level 10, -21/50 HPs)
             Began as a Deep Elf Conjurer on May 30, 2022.
             Was a High Priest of Sif Muna.
             Demolished by a spriggan defender
             ... wielding a +0 flail of protection
              (23 damage)
             ... in the Dungeon (Sprint IV: "Fedhas' Mad Dash").
             The game lasted 00:05:16 (4254 turns).

Zeld the Sorcerer (Deep Elf Conjurer)               Turns: 4254, Time: 00:05:16

Health: -21/50     AC:  2    Str:  4    XL:     10   Next: 79%
Magic:  26/37      EV: 12    Int: 28    God:    Sif Muna [*****.]
Gold:   102        SH:  0    Dex: 13    Spells: 38/52 levels left

rFire   . . .      SeeInvis .   a - +7 short sword of Ragnarok {vorpal, rPois rCorr}
rCold   . . .      Faith    .   (no shield)
rNeg    . . .      Spirit   .   j - +0 robe
rPois   +          Reflect  .   (no helmet)
rElec   .          Harm     .   (no cloak)
rCorr   +          Rampage  .   (no gloves)
Will    +....      NoTele   +   (no boots)
Stlth   ++........              i - amulet of invisibility {+Inv}
HPRegen 0.16/turn               (no ring)
MPRegen 0.25/turn               (no ring)

@: no status effects
A: no striking features
a: Renounce Religion, Evoke Invisibility, Channel Magic, Forget Spell, Divine
Exegesis


You were in the Dungeon.
You worshipped Sif Muna.
Sif Muna was extremely pleased with you.
You visited 1 branch You collected 195 gold pieces.
You spent 93 gold pieces at shops.

Inventory:

Hand Weapons
 a - the +7 short sword of Ragnarok (weapon) {vorpal, rPois rCorr}
   (You found it in the Dungeon)

   It inflicts extra damage upon your enemies.
   rPois:     It protects you from poison.
   rCorr:     It protects you from acid and corrosion.
Armour
 j - a +0 robe (worn)
Jewellery
 i - the amulet of invisibility (around neck) {+Inv}
   (You found it in the Dungeon)

   [amulet of nothing]

   +Inv:      It lets you turn invisible.
Scrolls
 g - a scroll of blinking
 m - 2 scrolls of identify {unknown}
 n - a scroll of enchant armour {unknown}
 o - a scroll of enchant weapon {unknown}
Potions
 b - 3 potions of curing
 d - a potion of haste
 e - 2 potions of magic
 f - a potion of berserk rage
 h - 2 potions of mutation {unknown}
 k - 2 potions of lignification {unknown}
 l - a potion of might {unknown}
Miscellaneous
 c - a lightning rod (4/4)
 p - a box of beasts


   Skills:
 - Level 2.4 Dodging
 - Level 2.4 Stealth
 * Level 21.8 Spellcasting
 * Level 19.0 Conjurations
 - Level 2.0 Hexes
 - Level 2.0 Translocations
 + Level 9.9 Invocations


You had 38 spell levels left.
You knew the following spells:

 Your Spells              Type           Power      Damage    Failure   Level
a - Magic Dart            Conj           100%       1d8       0%          1
b - Searing Ray           Conj           100%       2d8       0%          2
c - Fulminant Prism       Conj/Hex       37%        3d18      1%          4
d - Iskenderun's Mystic   Conj/Tloc      74%        2d15      1%          4
z - Dazzling Flash        Conj/Hex       100%       N/A       1%          3

Your spell library contained the following spells:

 Spells                   Type           Power      Damage    Failure   Level
 Conjure Flame            Conj/Fire      71%        6-21      1%          3
 Sticky Flame             Conj/Fire      71%        2d8       1%          4
 Irradiate                Conj/Tmut      35%        3d25      1%          5
 Ozocubu's Armour         Ice            30%        N/A       3%          3
 Metabolic Englaciation   Hex/Ice        18%        N/A       22%         5
 Lehudib's Crystal Spear  Conj/Erth      35%        10d9      83%         8
 Simulacrum               Ice/Necr       15%        N/A       88%         6
 Summon Cactus Giant      Summ           15%        N/A       88%         6
 Summon Hydra             Summ           15%        N/A       100%        7
 Ignition                 Fire           15%        3d6       100%        8
 Fire Storm               Conj/Fire      35%        8d9       100%        9


Dungeon Overview and Level Annotations

Branches:
Dungeon (1/1)

Altars:
Cheibriados
Dithmenos
Elyvilon
Gozag
Hepliaklqana
Kikubaaqudgha
Makhleb
Nemelex Xobeh
Okawaru
Qazlal
Ru
Sif Muna
Trog
Uskayaw
Vehumet
Wu Jian
Xom
Yredelemnul
Zin
The Shining One
Beogh
Jiyva
Lugonu

Shops:
D ((:(*!


Message History

Casting: Dazzling Flash (safe; 1% risk of failure)
Press: ? - help, Dir - look around, f - activate Agnes is dazzled.
Agnes shouts, "I will kick you around like a rattan ball!"
The spriggan berserker invokes Trog's protection!
The polar bear rages.
Unknown command.
Unknown command.
Unknown command.
Casting: Dazzling Flash (safe; 1% risk of failure)
Confirm with . or Enter, or press ? or * to list all spells.
You erupt in a blast of force!
The mystic blast hits Agnes!!
You kill Agnes!
Sif Muna accepts your kill.
The mystic blast hits the spriggan defender!!
The spriggan defender is severely wounded.
The spriggan defender is knocked back by the mystic blast.
The spriggan defender slams into the stone wall!
The spriggan defender is severely wounded.
You feel less invigorated.
The spriggan berserker mumbles some strange prayers to Trog.
The spriggan berserker goes berserk!
The spriggan defender hits you with a +0 flail of protection.
* * * LOW HITPOINT WARNING * * *
Your Conjurations skill increases to level 19!
Unknown command.
Casting: Iskenderun's Mystic Blast (safe; 1% risk of failure)
Confirm with . or Enter, or press ? or * to list all spells.
You erupt in a blast of force!
The mystic blast hits the polar bear but does no damage.
The mystic blast hits the spriggan defender.
The spriggan defender is almost dead.
The spriggan defender is knocked back by the mystic blast.
The spriggan defender slams into the stone wall!
The spriggan defender is almost dead.
Unknown command.
Unknown command.
The spriggan berserker rages.
The spriggan defender hits you with a +0 flail of protection!!
You die...

################################
.⌠._._._._.⌠.#.(')).#....##∩##.#
.._._._._._..'..#...#....'.=##'#
..._._._._...#..###'##.[)##∩#..##
.._._._._._..#..##∩∩.'...#####...
._._._._._.⌠.#################...
##################.....(###.....♣
♣♣♣♣♣..♣.###.'.i@.....).'.).))♣..
.....♣..♣##..#ih#.P.....#########
..♣♣♣.♣).###.##'##......#
♣♣..♣...♣'...#♣)♣########
##############.Y. ♣.. .... ♣...
#####


You could see an elephant (summoned, berserk), a spriggan defender, a spriggan
berserker (berserk, regenerating, strong-willed) and a polar bear (summoned,
berserk).

Vanquished Creatures
  Agnes (D)
  A spriggan druid (D)
  6 oklob plants (D)
  A demonic crawler (D)
  3 wandering mushrooms (D)
  3 burning bushes (D)
  A hornet (D)
  A queen bee (D)
  3 scorpions (D)
  4 killer bees (D)
  5 oklob saplings (D)
  5 spriggans (D)
  A river rat (D)
  A rat (D)
36 creatures vanquished.

Vanquished Creatures (others)
  A ballistomycete spore (D)
  18 fulminant prisms (D)
  A fungus (D)
20 creatures vanquished.

Grand Total: 56 creatures vanquished

Notes
Turn   | Place    | Note
-------+----------+-------------------------------------------
     0 | D        | Zeld the Deep Elf Conjurer began the quest for the Orb.
     0 | D        | Reached XP level 1. HP: 10/10 MP: 6/6
     8 | D        | Reached skill level 4 in Spellcasting
     8 | D        | Reached skill level 5 in Conjurations
     8 | D        | Reached skill level 1 in Hexes
     8 | D        | Reached skill level 1 in Translocations
     8 | D        | Reached XP level 2. HP: 15/15 MP: 3/9
    83 | D        | Learned a level 2 spell: Searing Ray
    87 | D        | Noticed a scorpion
    94 | D        | Killed a scorpion
    95 | D        | Reached skill level 7 in Spellcasting
    95 | D        | Reached XP level 3. HP: 19/19 MP: 4/13
    95 | D        | Reached XP level 4. HP: 24/24 MP: 4/15
    99 | D        | Learned a level 3 spell: Dazzling Flash
   104 | D        | Learned a level 4 spell: Fulminant Prism
   109 | D        | Learned a level 4 spell: Iskenderun's Mystic Blast
   230 | D        | Reached skill level 8 in Spellcasting
   357 | D        | Found the amulet of invisibility {+Inv}
   380 | D        | Found an opulent altar of Gozag.
   380 | D        | Found a hazy altar of Hepliaklqana.
   380 | D        | Found a snail-covered altar of Cheibriados.
   414 | D        | Found a viscous altar of Jiyva.
   414 | D        | Found a burning altar of Makhleb.
   414 | D        | Found a sparkling altar of Nemelex Xobeh.
   414 | D        | Found a sacrificial altar of Ru.
   414 | D        | Found a shimmering blue altar of Sif Muna.
   414 | D        | Found a bloodstained altar of Trog.
   414 | D        | Found an ornate altar of the Wu Jian Council.
   414 | D        | Found a shimmering altar of Xom.
   414 | D        | Found a basalt altar of Yredelemnul.
   418 | D        | Found an iron altar of Okawaru.
   418 | D        | Found a shadowy altar of Dithmenos.
   418 | D        | Found a glowing silver altar of Zin.
   419 | D        | Found a hide-covered altar of Uskayaw.
   419 | D        | Found an ancient bone altar of Kikubaaqudgha.
   420 | D        | Found a stormy altar of Qazlal.
   420 | D        | Found a glowing golden altar of the Shining One.
   420 | D        | Found a white marble altar of Elyvilon.
   421 | D        | Found a radiant altar of Vehumet.
   421 | D        | Found a corrupted altar of Lugonu.
   423 | D        | Became a worshipper of Sif Muna the Loreminder
   493 | D        | Noticed a queen bee
   506 | D        | Reached skill level 9 in Spellcasting
   506 | D        | Reached XP level 5. HP: 28/28 MP: 5/19
   771 | D        | Reached * piety under Sif Muna
   772 | D        | Reached skill level 10 in Spellcasting
   773 | D        | Reached skill level 11 in Spellcasting
   773 | D        | Reached skill level 10 in Conjurations
   774 | D        | Reached XP level 6. HP: 12/32 MP: 7/22
  1018 | D        | Killed a queen bee
  1018 | D        | Reached ** piety under Sif Muna
  1019 | D        | Reached skill level 13 in Spellcasting
  1130 | D        | Noticed an oklob plant
  1142 | D        | Killed an oklob plant
  1143 | D        | Reached skill level 15 in Spellcasting
  1143 | D        | Reached XP level 7. HP: 36/36 MP: 0/28
  1349 | D        | Reached skill level 1 in Invocations
  1349 | D        | Reached XP level 8. HP: 41/41 MP: 24/29
  1379 | D        | Reached *** piety under Sif Muna
  1380 | D        | Reached skill level 16 in Spellcasting
  1406 | D        | Found Esae's Weapon Shop.
  1406 | D        | Found Ceadd's Weapon Emporium.
  1618 | D        | Noticed a burning bush
  1618 | D        | Noticed a wandering mushroom
  1622 | D        | HP: 2/41 [burning bush/puff of flame (12)]
  1622 | D        | Noticed a wandering mushroom
  2120 | D        | Killed a wandering mushroom
  2123 | D        | Killed a burning bush
  2123 | D        | Reached **** piety under Sif Muna
  2124 | D        | Reached skill level 17 in Spellcasting
  2124 | D        | Reached skill level 15 in Conjurations
  2124 | D        | Killed a wandering mushroom
  2357 | D        | Found Qiys's Weapon Emporium.
  2357 | D        | Found Izea's Book Shoppe.
  2410 | D        | Noticed a burning bush
  2668 | D        | Killed a burning bush
  2669 | D        | Reached skill level 5 in Invocations
  2669 | D        | Reached XP level 9. HP: 4/45 MP: 20/32
  2946 | D        | Noticed a burning bush
  2946 | D        | Noticed an oklob plant
  2947 | D        | Noticed a wandering mushroom
  2953 | D        | Killed a wandering mushroom
  2953 | D        | Killed a burning bush
  2954 | D        | Reached skill level 18 in Spellcasting
  3208 | D        | Reached ***** piety under Sif Muna
  3214 | D        | Killed an oklob plant
  3215 | D        | Reached skill level 19 in Spellcasting
  3220 | D        | Identified the +7 short sword of Ragnarok {vorpal, rPois
                  | rCorr}
  3495 | D        | Noticed a spriggan druid
  3497 | D        | Killed a spriggan druid
  3536 | D        | Noticed an oklob plant conjurer
  3539 | D        | Killed an oklob plant conjurer
  3539 | D        | Received a gift from Sif Muna
  3542 | D        | Got Sif Muna's Guide on the Mutagenic Entourage {god gift}
  3707 | D        | Noticed an oklob plant
  3707 | D        | Noticed an oklob plant summoner
  3708 | D        | Noticed an oklob plant shifter
  3712 | D        | Killed an oklob plant summoner
  3713 | D        | Reached XP level 10. HP: 50/50 MP: 26/35
  3715 | D        | Killed an oklob plant
  3715 | D        | Killed an oklob plant shifter
  3716 | D        | Reached skill level 20 in Spellcasting
  3966 | D        | Noticed a spriggan rider
  3969 | D        | Killed a spriggan rider
  3969 | D        | Received a gift from Sif Muna
  3970 | D        | Reached skill level 21 in Spellcasting
  3972 | D        | Got Sif Muna's Guide on the Earthen Blaze {god gift}
  3973 | D        | Found Gyles's Assorted Antiques.
  4024 | D        | Found Yduufono's Distillery.
  4032 | D        | Bought a scroll labelled JELEN VAET for 24 gold pieces
  4032 | D        | Bought a murky purple potion for 21 gold pieces
  4032 | D        | Bought a scroll labelled VUNAAWKOMEQ for 24 gold pieces
  4032 | D        | Bought a scroll labelled FEXKIPS RUBLIO for 24 gold pieces
  4237 | D        | Noticed Agnes
  4242 | D        | Noticed a spriggan berserker
  4246 | D        | Noticed a spriggan defender
  4250 | D        | Noticed an elephant
  4252 | D        | Killed Agnes
  4252 | D        | HP: 2/50 [spriggan defender/+0 flail of protection (3)]
  4254 | D        | Demolished by a spriggan defender

Illustrated notes

Levels and vault maps discovered:
D:        dungeon_sprint_fedhas [sprint_temple]

Skill      XL: |  1  2  3  4  5  6  7  8  9 10 |
---------------+-------------------------------+-----
Spellcasting   | 4 7 9 11 15 17 19 21 | 21.8
Conjurations   | 5 7 9 10 13 15 17 19 | 19.0
Hexes          | 1 2 |  2.0
Translocations | 1 2 |  2.0
Invocations    | 1 5 7 9 |  9.9
Dodging        | |  2.4
Stealth        | |  2.4

Action                   |  1- 3 |  4- 6 |  7- 9 | 10-12 || total
-------------------------+-------+-------+-------+-------++-------
Melee: Unarmed           |     1 |       |     1 |       ||     2
 Cast: Magic Dart        |     5 |       |       |       ||     5
       Searing Ray       |     1 |     4 |    11 |     2 ||    18
       Iskenderun's Myst |       |    10 |    15 |    13 ||    38
       Fulminant Prism   |       |     5 |    10 |     3 ||    18
       Dazzling Flash    |       |       |       |     1 ||     1
Invok: Channel Magic     |       |       |       |     1 ||     1
 Abil: Evoke Invisibilit |       |     6 |     9 |       ||    15
  Use: Potion            |       |     1 |       |       ||     1
Dodge: Dodged            |     1 |       |     2 |     1 ||     4
